 Dungeon Crawl Stone Soup version 0.19-a0-1792-g28b16ba (webtiles) character file.

37 epen the Skirmisher (level 3, -2/29 HPs)
             Began as a Formicid Monk on Oct 4, 2016.
             Slain by a hobgoblin
             ... wielding a +0 club
              (4 damage)
             ... on level 1 of the Dungeon.
             The game lasted 00:02:11 (1262 turns).

epen the Skirmisher (Formicid Monk)                 Turns: 1262, Time: 00:02:11

Health: -2/29      AC:  2    Str: 16    XL:     3   Next: 62%
Magic:  3/3        EV: 13    Int:  9    God:
Gold:   9          SH:  0    Dex: 13    Spells: 0 memorised, 2 levels left

rFire  . . .     SeeInvis +     a - +0 spear
rCold  . . .     Gourm    .     b - +0 robe
rNeg   + . .     Faith    .     (no shield)
rPois  .         Spirit   .     (helmet unavailable)
rElec  .         Dismiss  .     (no cloak)
rCorr  .         Reflect  .     (no gloves)
MR     .....     Harm     .     (no boots)
Stlth  ++........               (no amulet)
                                i - ring of positive energy
                                (no ring)

@: no status effects
A: permanent stasis, dig shafts and tunnels, four strong arms, antennae 3
a: Dig, Shaft Self


You were on level 1 of the Dungeon.
You were not hungry.

You visited 1 branch of the dungeon, and saw 1 of its levels.

You collected 9 gold pieces.

Inventory:

Hand Weapons
 a - a +0 spear (weapon)
Armour
 b - a +0 robe (worn)
 m - a +0 chain mail
Jewellery
 d - an uncursed ring of fire
 i - a ring of positive energy (right hand)
Scrolls
 e - 2 scrolls of amnesia {unknown}
 f - 2 scrolls of fear {unknown}
 g - a scroll of recharging {unknown}
 h - a scroll of identify {unknown}
 j - a scroll of magic mapping {unknown}
Potions
 k - a potion of brilliance {unknown}
 n - a potion of degeneration {unknown}
Comestibles
 c - 2 bread rations
 l - a royal jelly
 o - a meat ration


   Skills:
 + Level 3.6 Fighting
 * Level 3.1 Polearms
 * Level 2.0 Armour
 + Level 3.1 Dodging
 - Level 2.4 Stealth


You had 2 spell levels left.
You didn't know any spells.

Dungeon Overview and Level Annotations

Branches:
Dungeon (1/15)

Altars:
Cheibriados


Innate Abilities, Weirdness & Mutations

You are under a permanent stasis effect.
You can dig through walls and to a lower floor.
Your four strong arms can wield two-handed weapons with a shield.
You have a pair of large antennae on your head. (SInv)


Message History

The hobgoblin shouts!
You see here a chain mail.
m - a chain mail You open the door.
There is an open door here.
You close the door.
A hobgoblin opens the door.
You barely miss the hobgoblin. The hobgoblin closely misses you.
You barely miss the hobgoblin. The hobgoblin closely misses you.
You hit the hobgoblin.
The hobgoblin is severely wounded.
The hobgoblin hits you with a club!
* * * LOW HITPOINT WARNING * * *
You hit the hobgoblin but do no damage.
The hobgoblin is severely wounded.
You are too injured to fight recklessly!
You closely miss the hobgoblin.
The hobgoblin is severely wounded.
The hobgoblin hits you with a club.
You die...

.##....##.# #.##)# .# ## #.#
..##..##..#####.w#.####.#...#.#.#
..##..# .....................>#.#
...#### ..##.........##.#...###.#
...## #.........##.# .# #.# ....#
##.........##.# #.# ....#
#...##.#.####.# #.# ...##
##...##g#.####.#######.# ...####
.......@................ ..##..#
.........>.............##
..##..##..##...................#
.##....##.#....................#
.##....##.#.#####..###.........#
.#......#.#+#....#># #.........#
.#..##..#.....##.################
...###.....รท.....................
..)# #...#...##.#####..###.######


You could see a worm and a hobgoblin.

Vanquished Creatures
  An ooze (D:1)
  2 dart slugs (D:1)
  A leopard gecko (D:1)
  4 bats (D:1)
  A goblin (D:1)
  3 hobgoblins (D:1)
  8 jackals (D:1)
  3 kobolds (D:1)
  3 rats (D:1)
26 creatures vanquished.

Notes
Turn   | Place    | Note
-------+----------+-------------------------------------------
     0 | D:1      | epen the Formicid Monk began the quest for the Orb.
     0 | D:1      | Reached XP level 1. HP: 18/18 MP: 1/1
    38 | D:1      | Found a snail-covered altar of Cheibriados.
   265 | D:1      | Reached skill level 1 in Armour
   265 | D:1      | Reached XP level 2. HP: 21/24 MP: 2/2
   782 | D:1      | Reached XP level 3. HP: 20/29 MP: 3/3
  1262 | D:1      | Slain by a hobgoblin

Vault maps used:
D:1:      mrwooster_arrival_statue_2, minmay_misc_feat_x, cheibriados_altar_1

Skill      XL: |  1  2  3 |
---------------+----------+-----
Armour         | 1 2 |  2.0
Dodging        | 3 |  3.1
Fighting       | |  3.6
Polearms       | |  3.1
Stealth        | |  2.4

Action                   || total
-------------------------++-------
Melee: Spear             ||   120
 Stab: Sleeping          ||     3
  Eat: Chunk             ||     1
Armor: Robe              ||    21
Dodge: Dodged            ||    86
